AoeStats
← dundergubbe

Nomad

510133697Analyzed
2v2 RM · 3d ago on Sep 29, 2026· 71m 23s· 4 players
Game mode
Random Map
Map size
176×176
Population
200
Speed
Normal
Resources
Standard
Victory
Conquest
Starting age
Dark Age
Ending age
Imperial Age
RankedLock teamsTeams togetherTeam positionsShared explorationLock speedFull tech treeHidden civsTurbo modeCheats
Victory
Defeat
🇪🇸 Vikings · Spain
899
+17
🇫🇮 Varangians · Finland
883
+17
🇪🇸 Spanish · Spain
914
-17
🇬🇧 Huns · United Kingdom
912
-17
dundergubbe
11:57 Loom
14:41 Feudal Age
20:46 Bloodlines
23:48 Castle Age
22:42 Scale Barding Armor
25:24 Chain Barding Armor
25:09 Husbandry
26:46 Fishing Lines
31:04 Elite Skirmisher
32:31 Double-Bit Axe
32:45 Gillnets
33:28 Fletching
33:57 Horse Collar
39:51 Imperial Age
37:57 Wheelbarrow
40:47 Bow Saw
40:16 Cavalier
41:56 Forging
41:43 Bodkin Arrow
43:32 Chemistry
42:53 Ballistics
43:10 Conscription
44:19 Murder Holes
44:59 Pikeman
47:28 Halberdier
47:55 Gambesons
49:07 Iron Casting
49:28 Squires
56:45 Blast Furnace
56:21 Plate Barding Armor
55:47 Bracer
56:02 Siege Engineers
58:59 Padded Archer Armor
61:05 Medium Warships
62:09 Town Watch
62:47 Medium Warships
64:45 Heavy Warships
70:02 Elite Longship
71:23 Vendel Legacy
ROKET_RS7
4:10 Loom
14:13 Feudal Age
15:48 Double-Bit Axe
23:46 Castle Age
30:32 Gold Mining
37:37 Imperial Age
39:20 Horse Collar
44:21 Forging
43:41 Pikeman
44:21 Squires
45:18 Bow Saw
45:16 Scale Mail Armor
48:24 Chain Mail Armor
48:45 Iron Casting
49:43 Plate Mail Armor
51:31 Arson
52:03 Stone Mining
52:51 Gold Shaft Mining
53:20 Blast Furnace
52:11 Fletching
52:21 Padded Archer Armor
52:32 Capped Ram
53:35 Siege Ram
54:34 Heavy Scorpion
55:45 Elite Skirmisher
59:24 Leather Archer Armor
59:04 Bodkin Arrow
61:18 Ballistics
62:10 Two-Man Saw
60:35 Man-at-Arms
68:13 Elite Varangian Guard
71:21 Scale Barding Armor
OLIFANT
12:48 Feudal Age
13:43 Double-Bit Axe
13:40 Horse Collar
17:15 Town Watch
17:23 Town Watch
18:17 Wheelbarrow
22:41 Castle Age
22:38 Scale Mail Armor
22:36 Stone Mining
24:00 Heavy Plow
24:39 Gold Mining
26:00 Bow Saw
28:58 Marauders
29:45 Hand Cart
33:54 Imperial Age
32:53 Forging
33:25 Husbandry
33:37 Bloodlines
35:06 Elite Tarkan
39:37 Scale Barding Armor
40:08 Iron Casting
39:47 Cavalier
47:21 Light Cavalry
50:21 Chain Barding Armor
51:03 Blast Furnace
54:28 Plate Barding Armor
OLVIDADO2538
3:42 Loom
14:31 Feudal Age
15:55 Wheelbarrow
15:07 Town Watch
15:13 Double-Bit Axe
15:20 Gold Mining
18:48 Man-at-Arms
19:54 Horse Collar
20:03 Fishing Lines
25:11 Stone Mining
28:10 Castle Age
29:55 Stone Shaft Mining
30:00 Hand Cart
31:46 Fletching
34:38 Imperial Age
32:36 Bodkin Arrow
33:05 Gillnets
33:53 Bow Saw
36:25 Chemistry
38:24 Conscription
42:35 Murder Holes
49:09 Ballistics
53:10 Thumb Ring
53:10 Elite Skirmisher
56:57 Supremacy
57:42 Masonry
59:49 Squires
Connection lost

Rejoining the realm…

Still unreachable

The connection could not be restored.

Session expired

The server has moved on; the page needs a fresh start.